 Dungeon Crawl Stone Soup version 0.19.1 (webtiles) character file.

275 Drake the Conjurer (level 6, 0/47 HPs)
             Began as a Draconian Conjurer on May 22, 2017.
             Slain by an adder (2 damage)
             ... in a sewer.
             The game lasted 00:10:40 (2802 turns).

Drake the Conjurer (Draconian Conjurer)             Turns: 2802, Time: 00:10:40

Health: 0/47       AC:  6    Str: 12    XL:     6   Next: 3%
Magic:  1/11       EV: 12    Int: 16    God:
Gold:   52         SH:  0    Dex: 11    Spells: 1 memorised, 11 levels left

rFire  + . .     SeeInvis .     d - +0 mace
rCold  x . .     Gourm    .     (armour unavailable)
rNeg   . . .     Faith    .     (no shield)
rPois  .         Spirit   .     (helmet restricted)
rElec  .         Reflect  .     (no cloak)
rCorr  .         Harm     .     (no gloves)
MR     .....                    (no boots)
Stlth  +.........               (no amulet)
                                (no ring)
                                i - ring of fire

@: lethally poisoned (0 -> -2), starving
A: unfitting armour, cold-blooded, AC +6
a: no special abilities


You were in a sewer.
You were starving.

You visited 1 branch of the dungeon, and saw 3 of its levels.
You also visited: Sewer.

You collected 52 gold pieces.

Inventory:

Hand Weapons
 d - a +0 mace (weapon)
Armour
 m - a +2 shield
Jewellery
 i - a ring of fire (left hand)
Scrolls
 b - a scroll of teleportation {unknown}
 e - a scroll of magic mapping {unknown}
 f - a scroll of enchant armour {unknown}
 g - 4 scrolls of fog {unknown}
 h - a scroll of identify {unknown}
 j - 2 scrolls of fear {unknown}
 o - a scroll of enchant weapon {unknown}
 p - a scroll of recharging {unknown}
 q - a scroll of amnesia {unknown}
Books
 a - a book of Conjurations

   Spells                             Type                      Level
   a - Magic Dart                     Conjuration                  1
   b - Searing Ray                    Conjuration                  2
   c - Dazzling Spray                 Conjuration/Hexes            3
   d - Fulminant Prism                Conjuration/Hexes            4
   e - Iskenderun's Mystic Blast      Conjuration                  4
   f - Iskenderun's Battlesphere      Conjuration/Charms           5


   Skills:
 - Level 1.5 Fighting
 - Level 1.7 Dodging
 - Level 1.7 Stealth
 + Level 3.0 Shields
 + Level 3.6 Spellcasting
 + Level 5.2 Conjurations


You had 11 spell levels left.
You knew the following spells:

 Your Spells              Type           Power        Failure   Level  Hunger
a - Magic Dart            Conj           ###.         1%          1    None


Dungeon Overview and Level Annotations

Branches:
Dungeon (3/15)

Altars:


Innate Abilities, Weirdness & Mutations

Your plain brown scales are hard. (AC +6)
You cannot fit into any form of body armour.
You are cold-blooded and may be slowed by cold attacks.


Message History

The adder poisons you!
Unknown command.
You aren't carrying any potions.
Okay, then.
You miss the adder.
The adder is heavily wounded.
* * * LOW HITPOINT WARNING * * *
You feel sick. The adder closely misses you.
The adder bites you but does no damage.
Your unstable footing causes you to fumble your attack.
* * * LOW HITPOINT WARNING * * *
You feel sick. The adder bites you but does no damage.
The adder barely misses you.
You miss the adder.
The adder is heavily wounded.
The adder misses you.
You barely miss the adder.
The adder is heavily wounded.
The adder barely misses you. The adder bites you.
You die...

##### #≈≈≈.≈≈..# ##...≈≈..#
..
≈≈≈≈###≈≈≈....####..≈..≈...
###≈≈(((########.≈≈.≈≈.≈≈≈≈.
≈≈≈)##### #.≈.≈.#####≈≈
##### #....## . #.≈.## #.≈.#
#..≈# ##≈@.## #≈S≈..#
#≈###.# #≈# #≈# #.###≈##
≈≈≈#≈≈≈# ≈#≈#≈#≈# #† ≈#≈#≈#
#≈ ≈#≈#≈#


You could see an adder.

Vanquished Creatures
  2 big kobolds (Sewer)
  A hound zombie (D:2)
  4 adders
  A river rat (D:3)
  2 oozes
  2 worms (Sewer)
  A dart slug (D:2)
  A leopard gecko (D:2)
  6 bats
  4 giant cockroaches
  4 goblins
  6 hobgoblins
  5 jackals (D:2)
  4 ball pythons
  6 frilled lizards
  9 kobolds
  7 rats
65 creatures vanquished.

Notes
Turn   | Place    | Note
-------+----------+-------------------------------------------
     0 | D:1      | Drake the Draconian Conjurer began the quest for the Orb.
     0 | D:1      | Reached XP level 1. HP: 14/14 MP: 3/3
   226 | D:1      | Reached skill level 1 in Fighting
   269 | D:1      | Reached XP level 2. HP: 23/23 MP: 5/5
   827 | D:2      | Reached XP level 3. HP: 28/28 MP: 3/6
  1068 | D:2      | Reached skill level 1 in Shields
  1605 | D:2      | Reached XP level 4. HP: 35/35 MP: 3/8
  2140 | D:3      | Found a glowing drain.
  2162 | Sewer    | Entered a sewer
  2397 | Sewer    | Noticed a big kobold
  2432 | Sewer    | Killed a big kobold
  2432 | Sewer    | Reached XP level 5. HP: 15/40 MP: 7/10
  2434 | Sewer    | Reached skill level 5 in Conjurations
  2712 | Sewer    | Reached XP level 6. HP: 24/47 MP: 0/11
  2800 | Sewer    | HP: 2/47 [poisoned by an adder]
  2802 | Sewer    | Slain by an adder

Skill      XL: |  1  2  3  4  5 |
---------------+----------------+-----
Fighting       | 1 |  1.5
Shields        | 1 2 3 |  3.0
Spellcasting   | 3 |  3.6
Conjurations   | 5 |  5.2
Dodging        | |  1.7
Stealth        | |  1.7

Action                   |  1- 3 |  4- 6 || total
-------------------------+-------+-------++-------
Melee: Mace              |    25 |   111 ||   136
       Tailslap          |       |    13 ||    13
 Cast: Magic Dart        |    72 |    63 ||   135
  Use: Potion            |       |     6 ||     6
  Eat: Bread ration      |     1 |       ||     1
       Chunk             |       |     1 ||     1
Armor: Skin              |    10 |    39 ||    49
Dodge: Dodged            |    24 |    80 ||   104
